 Dungeon Crawl Stone Soup version 0.21-a0-273-g0785366 (webtiles) character file.

18 Lavandula the Ruffian (level 2, 0/24 HPs)
             Began as a Ghoul Warper on Sept 17, 2017.
             Slain by a worker ant (6 damage)
             ... on level 2 of the Dungeon.
             The game lasted 00:01:13 (305 turns).

Lavandula the Ruffian (Ghoul Warper)                 Turns: 305, Time: 00:01:14

Health: 0/24       AC:  3    Str: 14    XL:     2   Next: 66%
Magic:  3/3        EV: 11    Int:  8    God:
Gold:   20         SH:  0    Dex:  8    Spells: 4/4 levels left

rFire    . . .     SeeInvis .     - Unarmed
rCold    + . .     Gourm    .   (no shield)
rNeg     + + +     Faith    .   a - +0 leather armour
rPois    ∞         Spirit   .   (no helmet)
rElec    .         Reflect  .   (no cloak)
rCorr    .         Harm     .   (no gloves)
MR       .....                  (no boots)
Stlth    +.........             (no amulet)
HPRegen  0.00/turn              (no ring)
MPRegen  0.08/turn              (no ring)

@: rotting
A: rotting body, claws 1, carnivore 3, cold resistance 1, negative energy
resistance 3, inhibited regeneration, torment resistance, unbreathing
a: no special abilities


You were on level 2 of the Dungeon.
You were not hungry.

You visited 1 branch of the dungeon, and saw 2 of its levels.

You collected 20 gold pieces.

Inventory:

Missiles
 d - 5 tomahawks of dispersal (quivered)
Armour
 a - a +0 leather armour (worn)
Scrolls
 c - a scroll of blinking
 e - 2 scrolls of fear {unknown}
 h - a scroll of remove curse {unknown}
Potions
 i - a potion of curing
 j - a potion of heal wounds {unknown}
Books
 b - a book of Spatial Translocations

   Spells                             Type                      Level
   a - Blink                          Translocation                2
   b - Shroud of Golubria             Charms/Translocation         2
   c - Lesser Beckoning               Translocation                3
   d - Gell's Gravitas                Translocation                3
   e - Teleport Other                 Translocation                3
   f - Passage of Golubria            Translocation                4
Comestibles
 f - a meat ration


   Skills:
 - Level 2.1 Fighting
 - Level 0.8 Throwing
 - Level 0.8 Armour
 - Level 1.7 Dodging
 + Level 3.4 Unarmed Combat
 - Level 1.7 Spellcasting
   Level 2.6 Translocations


You had 4 spell levels left.
You didn't know any spells.

Dungeon Overview and Level Annotations

Branches:
Dungeon (2/15)

Altars:


Innate Abilities, Weirdness & Mutations

Your body is rotting away.
You thrive on raw meat.
You are immune to poison.
You have sharp fingernails.
You are carnivorous and can eat meat at any time.
Your flesh is cold resistant. (rC+)
You are immune to negative energy. (rN+++)
You do not regenerate when monsters are visible.
You are immune to unholy pain and torment.
You can survive without breathing.


Message History

You are too injured to fight recklessly!
You barely miss the giant cockroach. The giant cockroach bites you.
You closely miss the giant cockroach. The giant cockroach closely misses you.
You barely miss the giant cockroach.
The giant cockroach bites you but does no damage.
You claw the giant cockroach!
You kill the giant cockroach!
The worker ant bites you.
* * * LOW HITPOINT WARNING * * *
You closely miss the worker ant. You claw the worker ant.
The worker ant is moderately wounded.
The worker ant barely misses you.
You scratch the worker ant but do no damage.
You claw the worker ant.
The worker ant is severely wounded.
The worker ant closely misses you.
You scratch the worker ant.
The worker ant is severely wounded.
The worker ant bites you.
You die...

....................#..
##.##................(
.........##...........
......................
##....................
#............#........
.............#........
....#...)##...........
........wa@..####....#
....#....###.# ....
..............# #.
....#..#.#.#.#..
.............+...
....#.##...#.# ..
?..... .... ... . .....
....# ##


You could see a worker ant and a dart slug.

Vanquished Creatures
  An adder (D:2)
  2 giant cockroaches
  A hobgoblin (D:2)
  2 ball pythons (D:1)
  A frilled lizard (D:1)
  2 kobolds
  A rat (D:1)
10 creatures vanquished.

Notes
Turn   | Place    | Note
-------+----------+-------------------------------------------
     0 | D:1      | Lavandula the Ghoul Warper began the quest for the Orb.
     0 | D:1      | Reached XP level 1. HP: 17/17 MP: 2/2
   243 | D:2      | Reached skill level 3 in Unarmed Combat
   243 | D:2      | Reached XP level 2. HP: 15/24 MP: 3/3
   305 | D:2      | Slain by a worker ant

Vault maps used:
D:1:      erik_arrival_cave_to_civilisation

Skill      XL: |  1 |
---------------+----+-----
Unarmed Combat | 3 |  3.4
Fighting       | |  2.1
Throwing       | |  0.8
Armour         | |  0.8
Dodging        | |  1.7
Spellcasting   | |  1.7
Translocations | |  2.6

Action                   || total
-------------------------++-------
Melee: Unarmed           ||    63
       Punch             ||     3
  Use: Potion            ||     1
  Eat: Chunk             ||     5
Armor: Leather armour    ||    14
Dodge: Dodged            ||    34

Table legend:
 A = Spawn XP
 B = Non-spawn XP
 C = Spawn XP percentage of total XP
 D = Spawn monster count
 E = Non-spawn monster count
 F = Spawn count percentage of total count
 G = Total turns spent on level
                    A         B        C        D         E        F      G
               +---------+---------+-------+---------+---------+-------+---------
         Total |       0 |      26 |   0.0 |       0 |      10 |   0.0 |   305
               +---------+---------+-------+---------+---------+-------+---------
           D:1 |       0 |       8 |   0.0 |       0 |       6 |   0.0 |   162
           D:2 |       0 |      18 |   0.0 |       0 |       4 |   0.0 |   143
               +---------+---------+-------+---------+---------+-------+---------
